AoeStats
← Pb^^

Arabia

504513981Analyzed
1v1 RM · 28d ago on Sep 5, 2026· 19m 25s· 2 players
Game mode
Random Map
Map size
Tiny (2 player)
Population
200
Speed
Normal
Resources
Standard
Victory
Conquest
Starting age
Dark Age
Ending age
Imperial Age
RankedLock teamsTeams togetherTeam positionsShared explorationLock speedFull tech treeHidden civsTurbo modeCheats
Victory
Defeat
🇧🇷 Vietnamese · Brazil
926
+17
🇺🇸 Khmer · United States
958
-50
Pb^^
6:13 Loom
10:26 Feudal Age
10:59 Double-Bit Axe
13:16 Gold Mining
13:10 Horse Collar
17:16 Fletching
RedRazorDragon
9:48 Feudal Age
15:54 Castle Age
Connection lost

Rejoining the realm…

Still unreachable

The connection could not be restored.

Session expired

The server has moved on; the page needs a fresh start.